 Dungeon Crawl Stone Soup version 0.21-a0-442-g848f44b (webtiles) character file.

58 kae the Shield-Bearer (level 3, -7/33 HPs)
             Began as a Minotaur Fighter on Nov 12, 2017.
             Mangled by a hobgoblin
             ... wielding a +0 club
             ... led by Robin
              (8 damage)
             ... on level 2 of the Dungeon.
             The game lasted 00:00:53 (1078 turns).

kae the Shield-Bearer (Minotaur Fighter)            Turns: 1078, Time: 00:00:54

Health: -7/33      AC:  7    Str: 25    XL:     3   Next: 75%
Magic:  2/2        EV:  7    Int:  6    God:
Gold:   96         SH: 10    Dex:  9    Spells: 2/2 levels left

rFire    . . .     SeeInvis .   a - +0 long sword
rCold    . . .     Gourm    .   c - +0 shield
rNeg     . . .     Faith    .   b - +0 scale mail
rPois    .         Spirit   .   (helmet restricted)
rElec    .         Reflect  .   (no cloak)
rCorr    .         Harm     .   (no gloves)
MR       .....                  (no boots)
Stlth    ..........             (no amulet)
HPRegen  0.11/turn              (no ring)
MPRegen  0.08/turn              (no ring)

@: mighty, hasted, very quick
A: retaliatory headbutt, horns 2
a: no special abilities


You were on level 2 of the Dungeon.
You were not hungry.

You visited 1 branch of the dungeon, and saw 2 of its levels.

You collected 96 gold pieces.

Inventory:

Hand Weapons
 a - a +0 long sword (weapon)
Armour
 b - a +0 scale mail (worn)
 c - a +0 shield (worn)
Jewellery
 o - an uncursed ring of flight {unknown}
Scrolls
 h - a scroll of remove curse {unknown}
 j - 2 scrolls of teleportation {unknown}
 k - 2 scrolls of identify {unknown}
 l - 2 scrolls of amnesia {unknown}
 p - a scroll of immolation {unknown}
Potions
 e - a potion of haste
 i - a potion of brilliance {unknown}
Comestibles
 f - 2 bread rations
 g - a royal jelly
 m - a chunk of flesh
 n - a meat ration


   Skills:
 + Level 4.1 Fighting
 * Level 3.7 Long Blades
 + Level 4.1 Armour
 + Level 4.1 Shields


You had 2 spell levels left.
You didn't know any spells.

Dungeon Overview and Level Annotations

Branches:
Dungeon (2/15)

Altars:

Annotations:
D:2 1 runed door, Robin


Innate Abilities, Weirdness & Mutations

You reflexively headbutt those who attack you in melee.
You have a pair of horns on your head.


Message History

The goblin no longer looks unusually strong.
You block the goblin's attack. x2
You miss the goblin.
The goblin is heavily wounded.
The hobgoblin hits you with a club.
* * * LOW HITPOINT WARNING * * *
Your scale mail prevents you from hitting the goblin.
Your headbutt misses the goblin.
The goblin is heavily wounded.
The goblin no longer looks unusually strong. x2
You block the goblin's attack. The goblin closely misses you.
The hobgoblin hits you with a club.
* * * LOW HITPOINT WARNING * * *
You slice the goblin!!
You kill the goblin!
The goblin no longer looks unusually strong.
The hobgoblin no longer looks unusually strong.
Robin throws the goblin at you! You block the goblin's attack.
The hobgoblin hits you with a club!
You die...

#..# 8..
#..# #..#
#######..#
#........#
#....###.#
#....# ###
###g##
#@g# ##g#
g#


gg ggg l.g. g.... ...... You could see Robin, 2 gnolls, a leopard gecko, 3
hobgoblins and 5 goblins.

Vanquished Creatures
  An adder (D:2)
  An ooze (D:1)
  A worm (D:2)
  A dart slug (D:1)
  A leopard gecko (D:1)
  A giant cockroach (D:1)
  7 goblins
  5 hobgoblins
  7 jackals
  A ball python (D:2)
  5 bats
  3 frilled lizards (D:1)
  2 kobolds
  A rat (D:1)
37 creatures vanquished.

Notes
Turn   | Place    | Note
-------+----------+-------------------------------------------
     0 | D:1      | kae the Minotaur Fighter began the quest for the Orb.
     0 | D:1      | Reached XP level 1. HP: 19/19 MP: 0/0
   101 | D:1      | Reached XP level 2. HP: 24/27 MP: 1/1
   405 | D:1      | Reached XP level 3. HP: 31/33 MP: 2/2
  1018 | D:2      | Found a runed door.
  1060 | D:2      | Noticed Robin
  1076 | D:2      | HP: 1/33 [hobgoblin/club[Robin] (3)]
  1078 | D:2      | Mangled by a hobgoblin

Vault maps used:
D:1:      dpeg_arrival_short_road
D:2:      nicolae_overflow_hidden_temple, uniq_crazy_yiuf_cottage, uniq_robin,
          uniq_terence

Skill      XL: |  1  2  3 |
---------------+----------+-----
Long Blades    | 3 |  3.7
Fighting       | 4 |  4.1
Armour         | 4 |  4.1
Shields        | 4 |  4.1

Action                   || total
-------------------------++-------
Melee: Long sword        ||    93
       Headbutt          ||    19
  Use: Potion            ||     2
  Eat: Chunk             ||     1
Armor: Scale mail        ||    48
Dodge: Dodged            ||    20
Block: Shield            ||    63
       Rpst.: Long sword ||     3

Table legend:
 A = Spawn XP
 B = Non-spawn XP
 C = Spawn XP percentage of total XP
 D = Spawn monster count
 E = Non-spawn monster count
 F = Spawn count percentage of total count
 G = Total turns spent on level
                    A         B        C        D         E        F      G
               +---------+---------+-------+---------+---------+-------+---------
         Total |       0 |      83 |   0.0 |       0 |      37 |   0.0 |  1078
               +---------+---------+-------+---------+---------+-------+---------
           D:1 |       0 |      44 |   0.0 |       0 |      24 |   0.0 |   908
           D:2 |       0 |      39 |   0.0 |       0 |      13 |   0.0 |   170
               +---------+---------+-------+---------+---------+-------+---------
